 Dungeon Crawl Stone Soup version 0.20-a0-1065-g8446734 (webtiles) character file.

1152 Wendigo the Slasher (level 8, 0/58 HPs)
             Began as a Demonspawn Fighter on Apr 28, 2017.
             Slain by an ogre
             ... wielding a +0 giant spiked club
              (14 damage)
             ... on level 5 of the Dungeon.
             The game lasted 00:10:22 (5912 turns).

Wendigo the Slasher (Demonspawn Fighter)            Turns: 5912, Time: 00:10:23

Health: 0/58       AC: 12    Str: 22    XL:     8   Next: 16%
Magic:  8/8        EV:  7    Int:  9    God:
Gold:   317        SH:  5    Dex: 13    Spells: 5/7 levels left

rFire    x . .     SeeInvis +   G - +8 war axe "Rykhle" {chaos, +Blink Str+3 SInv Stlth+}
rCold    + . .     Gourm    .   D - +0 buckler
rNeg     . . .     Faith    .   m - +0 chain mail
rPois    +         Spirit   .   y - +0 helmet
rElec    .         Reflect  .   t - +0 cloak
rCorr    .         Harm     .   u - +0 pair of gloves
MR       .....                  (no boots)
Stlth    +.........             r - amulet of magic regeneration
Regen    0.2/turn               B - ring of poison resistance
MPRegen  0.2/turn               L - ring of ice

@: no status effects
A: nightstalker 2, spiny 2
a: Evoke Blink


You were on level 5 of the Dungeon.
You were not hungry.

You visited 1 branch of the dungeon, and saw 5 of its levels.

You collected 317 gold pieces.

Inventory:

Hand Weapons
 a - a +1 long sword
 G - the +8 war axe "Rykhle" (weapon) {chaos, +Blink Str+3 SInv Stlth+}
   (You found it on level 4 of the Dungeon)

   Each time it hits an enemy it has a different, random effect.
   It affects your strength (+3).
   It lets you see invisible.
   It lets you blink.
   It makes you more stealthy.
Armour
 c - a +0 shield
 h - a +0 hat
 m - a +0 chain mail (worn)
 t - a +0 cloak (worn)
 u - a +0 pair of gloves (worn)
 y - a +0 helmet (worn)
 D - a +0 buckler (worn)
Jewellery
 r - an amulet of magic regeneration (around neck)
 B - a ring of poison resistance (left hand)
 L - a ring of ice (right hand)
Wands
 H - a wand of random effects (16/48)
Scrolls
 e - a scroll of enchant weapon
 j - a scroll of teleportation
 l - 2 scrolls of fog
 w - a scroll of amnesia
Potions
 b - a potion of curing
 d - a potion of might
 k - a potion of magic
 o - a potion of ambrosia
 s - a potion of lignification
 v - a potion of flight
 C - a potion of mutation
 E - a potion of brilliance
 F - a potion of haste
 J - a potion of cancellation
 K - a potion of heal wounds
Books
 p - a book of Minor Magic

   Spells                             Type                      Level
   a - Magic Dart                     Conjuration                  1
   b - Blink                          Translocation                2
   c - Call Imp                       Summoning                    2
   d - Slow                           Hexes                        2
   e - Conjure Flame                  Conjuration/Fire             3
   f - Mephitic Cloud                 Conjuration/Poison/Air       3
Comestibles
 f - 4 bread rations
 g - 4 royal jellies
 i - a chunk of flesh
 n - 6 fruits


   Skills:
 - Level 3.0 Fighting
 - Level 6.8 Long Blades
 + Level 4.2 Axes
 - Level 2.6 Armour
 - Level 4.5 Shields


You had 5 spell levels left.
You knew the following spells:

 Your Spells              Type           Power        Failure   Level  Hunger
a - Blink                 Tloc           N/A          99%         2    ###....


Dungeon Overview and Level Annotations

Branches:
Dungeon (5/15)
 Temple: D:4-7

Altars:
Cheibriados
Elyvilon
Gozag
Kikubaaqudgha
Nemelex Xobeh
Qazlal
Trog
Xom

Annotations:
D:1 exclusion: downstairs


Innate Abilities, Weirdness & Mutations

You are significantly more attuned to the shadows.
You are mostly covered in sharp spines.


Message History

i - a chunk of flesh An ogre comes into view.
It is wielding a giant spiked club.
The ogre shouts!
An ogre is nearby!
You slash the ogre!
The ogre goes berserk!
The ogre is heavily wounded.
The ogre barely misses you.
The ogre hits you with a giant spiked club!!
Ouch! That really hurt!
Press: ? - help, v - describe, . - travel The floor, spattered with blood.
The ogre is struck by your spines.
The ogre hits you with a giant spiked club!
* * * LOW HITPOINT WARNING * * *
A quokka skeleton comes into view.
You slash the ogre!
The ogre is poisoned.
The ogre is almost dead.
The ogre is struck by your spines.
The ogre hits you with a giant spiked club!
You die...

#....## ##. ##...## #..
##...## ##.. #...##
##..# ##..## ##..##
##..## ##...# ##..##
##...## ##...# ##...##
###..@## ##....#
##....O# ##....## #
#.....## #.....# ###
.Z....# #.......###.)
......# ..............
.......................
#######################


You could see an ogre (berserk) and a quokka skeleton.

Vanquished Creatures
  Eustachio (D:5)
  Duvessa (D:5)
  An ice beast (D:5)
  A phantom (D:3)
  The ghost of anet the Magician, an amateur DEWz (D:3)
  Dowan (D:5)
  A scorpion (D:4)
  A howler monkey (D:4)
  A bullfrog zombie (D:4)
  A crimson imp (D:5)
  An orc priest (D:4)
  3 orc wizards
  Crazy Yiuf (D:2)
  A gnoll shaman (D:5)
  Ijyb (D:5)
  3 worker ants
  Robin (D:2)
  5 gnolls (D:5)
  4 adders
  3 oozes
  A worm (D:2)
  3 dart slugs
  A leopard gecko (D:1)
  6 orcs
  3 giant cockroaches
  19 goblins
  10 hobgoblins
  9 kobolds
  2 quokkas
  2 ball pythons (D:3)
  6 bats
  4 frilled lizards
  2 jackal zombies (D:5)
  4 rats
105 creatures vanquished.

Vanquished Creatures (others)
  A frilled lizard (D:4)
  2 fungi (D:2)
3 creatures vanquished.

Grand Total: 108 creatures vanquished

Notes
Turn   | Place    | Note
-------+----------+-------------------------------------------
     0 | D:1      | Wendigo the Demonspawn Fighter began the quest for the Orb.
     0 | D:1      | Reached XP level 1. HP: 18/18 MP: 1/1
    92 | D:1      | Reached skill level 2 in Long Blades
   294 | D:1      | Gained mutation: You are slightly more attuned to the shadows. [demonic ancestry]
   294 | D:1      | Reached XP level 2. HP: 11/24 MP: 2/2
   971 | D:2      | Reached skill level 3 in Long Blades
  1023 | D:2      | Noticed Robin
  1231 | D:2      | Gained mutation: You are partially covered in sharp spines. [demonic ancestry]
  1231 | D:2      | Reached XP level 3. HP: 29/29 MP: 3/3
  1235 | D:2      | Learned a level 2 spell: Blink
  2000 | D:2      | Found a bloodstained altar of Trog.
  2184 | D:2      | Killed Robin
  2184 | D:2      | Reached XP level 4. HP: 32/35 MP: 4/4
  2185 | D:2      | Reached skill level 4 in Long Blades
  2212 | D:2      | Found a stormy altar of Qazlal.
  2212 | D:2      | Noticed a fire elemental
  2214 | D:2      | Noticed a water elemental
  2215 | D:2      | Noticed an air elemental
  2215 | D:2      | Noticed an earth elemental
  2298 | D:2      | Found a runed door.
  2437 | D:2      | Noticed Crazy Yiuf
  2443 | D:2      | Killed Crazy Yiuf
  3084 | D:3      | Gained mutation: You are significantly more attuned to the shadows. [demonic ancestry]
  3084 | D:3      | Reached XP level 5. HP: 29/41 MP: 5/5
  3288 | D:3      | Found an ancient bone altar of Kikubaaqudgha.
  3341 | D:3      | Noticed anet's ghost (amateur DEWz)
  3356 | D:3      | Killed anet's ghost
  3356 | D:3      | Reached skill level 5 in Long Blades
  3549 | D:3      | Noticed a phantom
  3593 | D:3      | Killed a phantom
  3593 | D:3      | Reached skill level 6 in Long Blades
  3593 | D:3      | Reached XP level 6. HP: 12/47 MP: 6/6
  4291 | D:4      | Found a white marble altar of Elyvilon.
  4607 | D:4      | Got a bloodstained war axe
  4608 | D:4      | Identified the +8 war axe "Rykhle" {chaos, +Blink Str+3 SInv Stlth+} (You found it on level 4 of the Dungeon)
  4772 | D:4      | Found a snail-covered altar of Cheibriados.
  4779 | D:4      | Gained mutation: You are mostly covered in sharp spines. [demonic ancestry]
  4779 | D:4      | Reached XP level 7. HP: 36/52 MP: 7/7
  5044 | D:4      | Found a sparkling altar of Nemelex Xobeh.
  5200 | D:5      | Entered Level 5 of the Dungeon
  5216 | D:5      | Found a shimmering altar of Xom.
  5245 | D:5      | Noticed Eustachio
  5258 | D:5      | Killed Eustachio
  5320 | D:5      | Noticed Dowan
  5321 | D:5      | Found an opulent altar of Gozag.
  5321 | D:5      | Noticed Duvessa
  5325 | D:5      | Killed Duvessa
  5327 | D:5      | Killed Dowan
  5377 | D:5      | Reached XP level 8. HP: 58/58 MP: 8/8
  5461 | D:5      | Noticed Ijyb
  5465 | D:5      | Killed Ijyb
  5912 | D:5      | Slain by an ogre

Vault maps used:
D:1:      evilmike_arrival_hilbert_curve
D:2:      nicolae_overflow_crystal_walls, nicolae_qazlal_style_of_elements,
          uniq_crazy_yiuf_cottage, uniq_robin
D:3:      kiku_gazebo_garden_becter, first_bread, serial_forest,
          infiniplex_forest_pool, infiniplex_forest_straight_4,
          infiniplex_forest_straight_2, infiniplex_forest_lined_1,
          infiniplex_forest_clump_small, infiniplex_forest_lined_room_3,
          infiniplex_forest_lined_2, kennysheep_generic_room_6
D:4:      nemelex_xobeh_ov_fountains_minmay, kennysheep_slug_shrine,
          elyvilon_altar_4, serial_forest, infiniplex_forest_straight_3,
          infiniplex_forest_straight_4, infiniplex_forest_lined_3,
          infiniplex_forest_clump_tiny, infiniplex_forest_clump_small,
          infiniplex_forest_clump_double, infiniplex_forest_straight_1,
          serial_park_tiny_2
D:5:      minmay_thick_lines, chequers_temple_overflow_statue_of_worship,
          temple_doors_ab, minmay_misc_feat_enclosed, minmay_misc_feat_cross,
          uniq_duvessa, uniq_eustachio, uniq_ijyb

Skill      XL: |  1  2  3  4  5  6  7  8 |
---------------+-------------------------+-----
Long Blades    | 2 3 4 6 |  6.8
Shields        | 3 4 |  4.5
Axes           | 3 4 |  4.2
Fighting       | |  3.0
Armour         | |  2.6

Action                   |  1- 3 |  4- 6 |  7- 9 || total
-------------------------+-------+-------+-------++-------
Melee: Long sword        |   163 |   121 |       ||   284
       War axe           |       |     5 |    54 ||    59
  Use: Scroll            |       |     6 |    12 ||    18
 Stab: Petrifying        |       |       |     1 ||     1
       Sleeping          |       |       |     1 ||     1
  Eat: Chunk             |     3 |     9 |     4 ||    16
Armor: Scale mail        |    17 |       |       ||    17
       Chain mail        |    60 |    55 |    31 ||   146
Dodge: Dodged            |    43 |    14 |    19 ||    76
Block: Shield            |    87 |    39 |       ||   126
       Buckler           |       |     3 |     9 ||    12
       Rpst.: Long sword |    10 |     1 |       ||    11
